 Dungeon Crawl Stone Soup version 0.29-a0-193-ga21e45360d (webtiles) character file.

Game seed: 10499922169627375891

171 Bapho the Conjurer (level 5, 0/42 HPs)
             Began as a Deep Elf Conjurer on Feb 22, 2022.
             Slain by an orc wizard
             ... wielding a +0 dagger
              (1 damage)
             ... on level 4 of the Dungeon.
             The game lasted 00:05:57 (2568 turns).

Bapho the Conjurer (Deep Elf Conjurer)              Turns: 2568, Time: 00:05:57

Health: 0/42       AC:  5    Str:  4    XL:     5   Next: 26%
Magic:  9/13       EV: 12    Int: 25    God:
Gold:   37         SH:  0    Dex: 13    Spells: 9/12 levels left

rFire   . . .      SeeInvis .   x - +2 hand axe (elec)
rCold   . . .      Faith    .   (no shield)
rNeg    . . .      Spirit   .   j - +0 robe
rPois   .          Reflect  .   f - +0 hat
rElec   .          Harm     .   u - +1 cloak
rCorr   .          Rampage  .   c - +0 pair of gloves
Will    .....                   (no boots)
Stlth   ..........              s - amulet of the acrobat
HPRegen 0.14/turn               (no ring)
MPRegen 0.13/turn               (no ring)

@: berserking, very quick
A: no striking features
a: no special abilities


You were on level 4 of the Dungeon.
You visited 1 branch of the dungeon, and saw 4 of its levels.

You collected 70 gold pieces.
You spent 33 gold pieces at shops.

Inventory:

Hand Weapons
 a - a +3 hand axe
 x - a +2 hand axe of electrocution (weapon)
Missiles
 d - 6 silver boomerangs
Armour
 c - a +0 pair of gloves (worn)
 f - a +0 hat (worn)
 j - a +0 robe (worn)
 u - a +1 cloak (worn)
Magical Staves
 n - a staff of cold
Jewellery
 s - an amulet of the acrobat (around neck)
 w - a ring of poison resistance
 y - a ring of flight
Scrolls
 m - 3 scrolls of teleportation
Potions
 b - a potion of heal wounds {unknown}
 e - a potion of mutation {unknown}
 h - 2 potions of flight {unknown}
 i - a potion of resistance {unknown}
 p - 3 potions of berserk rage
 q - a potion of brilliance {unknown}
 r - a potion of invisibility {unknown}
 t - a potion of ambrosia {unknown}
 v - 2 potions of attraction {unknown}


   Skills:
 + Level 0.2 Fighting
 + Level 0.1 Axes
 - Level 2.4 Dodging
 - Level 2.4 Stealth
 + Level 4.3 Spellcasting
 + Level 6.6 Conjurations


You had 9 spell levels left.
You knew the following spells:

 Your Spells              Type           Power      Damage    Failure   Level
a - Magic Dart            Conj           100%       1d8       1%          1
b - Searing Ray           Conj           76%        2d7       1%          2

Your spell library contained the following spells:

 Spells                   Type           Power      Damage    Failure   Level
 Dazzling Flash           Conj/Hex       44%        N/A       7%          3
 Fulminant Prism          Conj/Hex       11%        3d9       22%         4
 Iskenderun's Mystic Bla  Conj/Tloc      22%        2d6       22%         4
 Confusing Touch          Hex            5%         N/A       26%         3
 Summon Guardian Golem    Hex/Summ       5%         N/A       26%         3
 Tukima's Dance           Hex            5%         N/A       26%         3
 Passage of Golubria      Tloc           5%         N/A       65%         4
 Yara's Violent Unravell  Hex/Tmut       2%         3d3       94%         5
 Orb of Destruction       Conj           19%        9d8       99%         7
 Enfeeble                 Hex            2%         N/A       100%        7
 Spellforged Servitor     Conj/Summ      11%        N/A       100%        7


Dungeon Overview and Level Annotations

Branches:
Dungeon (4/15)
 Temple: D:4-7

Altars:

Shops:
D:2 *[   D:4 [


Message History

Something hits you.
You barely miss something. Something barely misses you.
You bump into the rock wall.
You hear some strange, mumbled words.
A puff of flame appears from out of thin air!
The puff of flame hits you!
You bump into the rock wall.
Something hits you.
You completely miss something.
You hear some strange, mumbled words.
You are more confused.
Something hits you but does no damage.
You bump into the rock wall.
Something hits you.
You closely miss something. Something hits you but does no damage.
You bump into the rock wall.
Something hits you but does no damage.
You bump into the rock wall.
Something hits you.
* * * LOW HITPOINT WARNING * * *
You're too confused to move!
You feel less confused.
You hear some strange, mumbled words.
Something tries to affect you, but you resist.
Casting: Searing Ray (safe; 1% risk of failure)
Confirm with . or Enter, or press ? or * to list all spells.
Aiming: Searing Ray (safe; 1% risk of failure)
Press: ? - help, Shift-Dir - straight line, f - orc
Aim: an orc, wielding a +0 flail and wearing a +0 leather armour (81% to hit)
The searing ray hits the orc.
You kill the orc! (Press . to maintain the ray.)
Something hits you.
* * * LOW HITPOINT WARNING * * *
The searing ray hits something.
You hear some strange, mumbled words.
A magic dart appears from out of thin air!
The magic dart hits you.
* * * LOW HITPOINT WARNING * * *
You hear some strange, mumbled words.
Something tries to affect you, but you resist.
A red film seems to cover your vision as you go berserk!
You feel yourself moving faster!
You feel mighty! Something hits you.
You die...

#+# ##
#.#..#
#.#..#
#<#..#
#.#.#
#.#.#
#@#....<#
#{####.##
#)# # #'#
#...).#
+...###
#... ###


There were no monsters in sight!

Vanquished Creatures
  An orc priest (D:3)
  An orc wizard (D:3)
  4 adders
  9 orcs
  5 ball pythons
  5 endoplasms
  3 giant cockroaches
  6 hobgoblins
  4 kobolds
  5 quokkas
  5 bats
  3 frilled lizards
  3 goblins
  4 rats
58 creatures vanquished.

Vanquished Creatures (others)
  An orc wizard (D:4)
1 creature vanquished.

Grand Total: 59 creatures vanquished

Notes
Turn   | Place    | Note
-------+----------+-------------------------------------------
     0 | D:1      | Bapho the Deep Elf Conjurer began the quest for the Orb.
     0 | D:1      | Reached XP level 1. HP: 10/10 MP: 6/6
   496 | D:1      | Reached XP level 2. HP: 14/15 MP: 4/8
   672 | D:1      | Reached skill level 5 in Conjurations
   742 | D:1      | Learned a level 2 spell: Searing Ray
   888 | D:2      | Found Fuav's General Store.
   907 | D:2      | Bought a scroll of teleportation for 33 gold pieces
  1217 | D:2      | Reached XP level 3. HP: 19/19 MP: 3/9
  1370 | D:2      | Found Guujul's Antique Armour Boutique.
  1614 | D:3      | Reached skill level 6 in Conjurations
  1614 | D:3      | Reached XP level 4. HP: 8/24 MP: 6/11
  1984 | D:3      | Reached XP level 5. HP: 28/28 MP: 9/13
  2524 | D:4      | Found Xaymp's Armour Boutique.
  2566 | D:4      | HP: 1/28 [something/magic dart (6)]
  2568 | D:4      | Slain by an orc wizard

Illustrated notes

Levels and vault maps discovered:
D:1:      minmay_arrival_hallway, layout_basic
D:2:      layout_rooms, serial_shops, shop_statue, shop, minmay_tromino_v4_a
D:3:      layout_loops_ring
D:4:      layout_loops_cross, mainiacjoe_overflow_six_doors_small, serial_shops,
          nicolae_shop_hallway_stairs

Skill      XL: |  1  2  3  4 |
---------------+-------------+-----
Conjurations   | 5 6 |  6.6
Spellcasting   | 4 |  4.3
Fighting       | |  0.2
Axes           | |  0.1
Dodging        | |  2.4
Stealth        | |  2.4

Action                   |  1- 3 |  4- 6 || total
-------------------------+-------+-------++-------
Melee: Hand axe          |       |    14 ||    14
 Cast: Magic Dart        |    59 |    25 ||    84
       Searing Ray       |     3 |     3 ||     6
  Use: Scroll            |     4 |       ||     4
       Potion            |       |     1 ||     1
Armor: Robe              |     2 |    10 ||    12
Dodge: Dodged            |     3 |     6 ||     9

Table legend: (Time is in decaauts)
 A = Elapsed time spent in this place.
 B = Non-inter-level travel time spent in this place.
 C = Inter-level travel time spent in this place.
 D = Time resting spent in this place.
 E = Time spent auto-exploring this place.
 F = Levels seen in this place.
 G = Mean time per level.
                   A        B        C        D        E       F      G
               +--------+--------+--------+--------+--------+-----+--------+
         Total |   2571 |   2498 |     73 |    106 |   2042 |   4 |  642.8 |
       Dungeon |   2571 |   2498 |     73 |    106 |   2042 |   4 |  642.8 |
               +--------+--------+--------+--------+--------+-----+--------+

Top non-repeatable levels by time:
     D:3: 934 daAuts
     D:1: 849 daAuts
     D:2: 740 daAuts
     D:4: 47 daAuts
